 Dungeon Crawl Stone Soup version 0.30-a0-174-gbc10bd73c2 (webtiles) character file.

Game seed: 6146318368153261395

81 qw the Chopper (level 4, -3/28 HPs)
             Began as a Gargoyle Fighter on Oct 1, 2022.
             Slain by a gnoll
             ... wielding a +0 halberd
              (12 damage)
             ... on level 3 of the Dungeon.
             The game lasted 00:00:44 (1725 turns).

qw the Chopper (Gargoyle Fighter)                   Turns: 1725, Time: 00:00:44

Health: -3/28      AC: 11    Str: 22    XL:     4   Next: 40%
Magic:  4/4        EV:  9    Int:  8    God:
Gold:   144        SH:  5    Dex:  9    Spells: 3/3 levels left

rFire   . . .      SeeInvis +    Y - +0 war axe
rCold   + . .      Faith    .    a - +1 buckler {rC+}
rNeg    + . .      Spirit   .    b - +0 scale mail
rPois   inf        Reflect  .    l - +0 helmet
rElec   +          Harm     .    (no cloak)
rCorr   .          Rampage  .    (no gloves)
Will    .....                    (no boots)
Stlth   ..........               (no amulet)
HPRegen 0.24/turn                e - ring of see invisible
MPRegen 0.09/turn                (no ring)

@: no status effects
A: sickness immunity, AC +3, negative energy resistance 1, electricity
resistance, torment resistance 1, petrification resistance
a: no special abilities


You were on level 3 of the Dungeon.
You visited 1 branch of the dungeon, and saw 3 of its levels.

You collected 144 gold pieces.


Innate Abilities, Weirdness & Mutations

You are immune to sickness and miasma.
Your stone body is resilient. (AC +3)
You are immune to poison.
You resist negative energy. (rN+)
You are resistant to electric shocks. (rElec)
You are resistant to unholy torment.
You are immune to petrification.


   Skills:
 - Level 3.2 Fighting
 + Level 4.1 Axes
 - Level 3.2 Armour
 - Level 3.2 Shields


You had 3 spell levels left.
You didn't know any spells.
Your spell library was empty.

Inventory:

Hand Weapons
 h - a +0 whip
 Y - a +0 war axe (weapon)
Armour
 a - a +1 buckler of cold resistance (worn)
 b - a +0 scale mail (worn)
 c - a +0 cloak
 l - a +0 helmet (worn)
Jewellery
 e - a ring of see invisible (left hand)
Potions
 d - 2 potions of might
 g - a potion of lignification {unknown}
 i - a potion of flight {unknown}
 j - a potion of resistance {unknown}
 n - a potion of magic {unknown}
 o - a potion of heal wounds {unknown}

Dungeon Overview and Level Annotations

Branches:
Dungeon (3/15)

Altars:


Message History

You tear a large gash into the net.
A gnoll comes into view. It is wielding a +0 whip.
A gnoll comes into view. It is wielding a +4 vorpal spear.
You struggle against the net.
You shred the net and break free! You slash the gnoll!
You kill the gnoll!
The gnoll hits you from afar with a +0 halberd.
The gnoll closely misses you.
A kobold comes into view. It is wielding a +0 short sword.
Things that are here:
a +0 whip; a gnoll corpse You barely miss the gnoll.
The kobold shouts!
You slash the gnoll! The gnoll barely misses you.
The gnoll hits you but does no damage. The gnoll barely misses you.
The gnoll hits you but does no damage. The gnoll barely misses you. x2
You barely miss the gnoll.
The gnoll is severely wounded.
You barely miss the gnoll. The gnoll hits you with a +0 whip.
The gnoll hits you from afar with a +4 vorpal spear.
You block the gnoll's attack.
You closely miss the gnoll.
The gnoll is severely wounded.
You hit the gnoll but do no damage. The gnoll hits you with a +0 whip.
The gnoll hits you but does no damage. The gnoll barely misses you.
You closely miss the gnoll.
The gnoll is severely wounded.
You hit the gnoll. The gnoll hits you with a +0 whip.
The gnoll hits you from afar with a +4 vorpal spear.
The gnoll hits you but does no damage.
You slash the gnoll!
You kill the gnoll!
You slash the gnoll! The gnoll hits you with a +0 halberd!
You die...

~#~..~#~~##.###
~~...~~~~~.##
~~~..~~~~~~##
~~~.#~~~~~~~#
~~..7~~~~~~~##
~~$<.~~~~~~..## .
~~$[.~#~~~~~..# ...
~~~$#~#~~~~~#.#####.....
~~~.~~#~~~~##...@ggK....
~~[.~.~~~~.##)###)###.##
~~...~w~~~#...# .#
~#~~~~~~~#...## .#
~~~~~.##.### .#
~.~###...# .# ### .# ..


You could see 2 gnolls and a kobold.

Vanquished Creatures
  Robin (D:2)
  2 gnolls (D:3)
  3 dart slugs (D:3)
  5 bats
  3 endoplasms (D:1)
  2 giant cockroaches
  7 goblins (D:2)
  6 hobgoblins
  4 jackals (D:2)
  3 quokkas (D:1)
  6 ball pythons
  2 frilled lizards
  2 kobolds
  4 rats (D:1)
50 creatures vanquished.

Notes
Turn   | Place    | Note
-------+----------+-------------------------------------------
     0 | D:1      | qw the Gargoyle Fighter began the quest for the Orb.
     0 | D:1      | Reached XP level 1. HP: 14/14 MP: 1/1
     0 | D:1      | 0 ||| qw: Version: 0.2-a-13-gfc7b4b4
     0 | D:1      | 0 ||| qw: Game counter: 1880
     0 | D:1      | 0 ||| qw: Always use a shield: true
     0 | D:1      | 0 ||| qw: God list: Okawaru
     0 | D:1      | 0 ||| qw: Allow faded altars: false
     0 | D:1      | 0 ||| qw: Do Orc after D:15 true
     0 | D:1      | 0 ||| qw: Do second Lair branch before Depths: true
     0 | D:1      | 0 ||| qw: Lair rune preference: random
     0 | D:1      | 0 ||| qw: Plans: Normal, Zot:1-4, God:TSO, Crypt, Tomb,
                  | Pan, Slime:5, Hells, Abyss, Orb
     0 | D:1      | 0 ||| PLANNING D:1-11
    32 | D:1      | Reached skill level 2 in Axes
    93 | D:1      | Reached XP level 2. HP: 19/19 MP: 2/2
   155 | D:1      | 155 ||| Stepping ~*~*~tactically~*~*~ (stealth).
   393 | D:1      | Reached skill level 3 in Axes
   422 | D:1      | 422 ||| Stepping ~*~*~tactically~*~*~ (stealth).
   434 | D:1      | Reached XP level 3. HP: 23/23 MP: 3/3
   512 | D:1      | Found a faded altar of an unknown god.
   750 | D:1      | 750 ||| UPGRADING to ring of see invisible.
   751 | D:1      | 751 ||| READING scroll labelled LIAL YRYSAKK.
   752 | D:1      | 752 ||| READING scroll labelled SACRE TIOC BUR.
   764 | D:1      | 764 ||| READING scroll labelled LUWNOG KI POC.
   971 | D:2      | 971 ||| Stepping ~*~*~tactically~*~*~ (stealth).
  1001 | D:2      | Noticed Robin
  1002 | D:2      | 1002 ||| Stepping ~*~*~tactically~*~*~ (hiding).
  1013 | D:2      | HP: 5/23 [jackal (2)]
  1029 | D:2      | Killed Robin
  1030 | D:2      | Reached XP level 4. HP: 8/28 MP: 4/4
  1470 | D:2      | 1470 ||| UPGRADING to +0 helmet.
  1475 | D:2      | 1475 ||| READING scroll labelled RYOQIF HOEWNIDUG.
  1576 | D:2      | 1576 ||| READING scroll labelled RUGRAT XEUNENN.
  1577 | D:2      | 1577 ||| READING scroll labelled JENKEMAYMO.
  1578 | D:2      | 1578 ||| READING scroll labelled SECZUN CAHUYHA.
  1579 | D:2      | 1579 ||| READING scroll labelled QOUQOOLUON.
  1579 | D:2      | Identified a scroll of acquirement
  1579 | D:2      | 1579 ||| ACQUIRING +1 buckler of cold resistance
  1579 | D:2      | Acquired a +1 buckler of cold resistance
  1581 | D:2      | 1581 ||| UPGRADING to +1 buckler of cold resistance.
  1591 | D:2      | 1591 ||| DROPPING +0 buckler.
  1638 | D:3      | 1638 ||| FLEEEEING.
  1639 | D:3      | 1639 ||| FLEEEEING.
  1640 | D:3      | 1640 ||| STAIRDANCE
  1662 | D:3      | 1662 ||| FLEEEEING.
  1663 | D:3      | 1663 ||| FLEEEEING.
  1665 | D:3      | 1665 ||| FLEEEEING.
  1666 | D:3      | 1666 ||| FLEEEEING.
  1667 | D:3      | 1667 ||| FLEEEEING.
  1668 | D:3      | 1668 ||| STAIRDANCE
  1707 | D:3      | Reached skill level 4 in Axes
  1715 | D:3      | 1715 ||| Stepping ~*~*~tactically~*~*~ (hiding).
  1725 | D:3      | Slain by a gnoll

Levels and vault maps discovered:
D:1:      lightli_molten_gateway, layout_loops_cross,
          ebering_ecumenical_altar_ruins, minmay_misc_feat_cross
D:2:      layout_loops_ring, minivault_23, uniq_robin
D:3:      kennysheep_slugbush, layout_loops_ring, gammafunk_ghost_gnarly_gnolls,
          uniq_ijyb

Skill      XL: |  1  2  3  4 |
---------------+-------------+-----
Axes           | 2 3 4 |  4.1
Fighting       | |  3.2
Armour         | |  3.2
Shields        | |  3.2

Action                   |  1- 3 |  4- 6 || total
-------------------------+-------+-------++-------
Melee: War axe           |   120 |    18 ||   138
  Use: Scroll            |     3 |     5 ||     8
Armor: Scale mail        |    67 |    11 ||    78
Dodge: Dodged            |    60 |    12 ||    72
Block: Buckler           |    15 |     1 ||    16

Table legend:
 A = Non-vault XP
 B = Vault XP
 C = Vault XP percentage of total XP
 D = Non-vault monster count
 E = Vault monster count
 F = Vault count percentage of total count
                 A         B        C        D         E       F
            +---------+---------+-------+---------+---------+-------
      Total |      87 |      43 |  33.1 |      38 |      12 |  24.0
            +---------+---------+-------+---------+---------+-------
        D:1 |      40 |       0 |   0.0 |      25 |       0 |   0.0
        D:2 |      18 |      31 |  63.3 |      10 |       9 |  47.4
        D:3 |      29 |      12 |  29.3 |       3 |       3 |  50.0
            +---------+---------+-------+---------+---------+-------
